 Dungeon Crawl Stone Soup version 0.18.1-47-g9310371 (webtiles) character file.

46 juanjsm the Sneak (level 3, -2/16 HPs)
             Began as a Spriggan Enchanter on June 18, 2016.
             Slain by a human zombie (5 damage)
             ... in an ossuary.
             The game lasted 00:05:03 (905 turns).

juanjsm the Sneak (Spriggan Enchanter)               Turns: 905, Time: 00:05:03

Health: -2/16      AC:  3    Str:  4    XL:     3   Next: 44%
Magic:  1/8        EV: 18    Int: 16    God:
Gold:   55         SH:  0    Dex: 17    Spells: 3 memorised, 2 levels left

rFire  . . .     SeeInvis +     a - +1 dagger
rCold  . . .     Gourm    .     b - +1 robe
rNeg   . . .     Faith    .     (shield restricted)
rPois  .         Spirit   .     (helmet restricted)
rElec  .         Dismiss  .     (no cloak)
rCorr  .         Reflect  .     (gloves unavailable)
SustAt .         Harm     .     (boots unavailable)
MR     .....                    (no amulet)
Stlth  ++++......               (no ring)
                                (no ring)

@: very slightly contaminated, very quick, not resistant to hostile
enchantments, stealthy
A: unfitting armour, see invisible, herbivore 3, speed 3, slow metabolism 2
a: no special abilities


You were in an ossuary.
You were not hungry.

You visited 1 branch of the dungeon, and saw 4 of its levels.
You also visited: Ossuary.

You collected 55 gold pieces.

Inventory:

Hand Weapons
 a - a +1 dagger (weapon)
Missiles
 o - 20 poisoned needles
Armour
 b - a +1 robe (worn)
Scrolls
 e - a scroll of enchant armour {unknown}
 h - a scroll of identify {unknown}
 j - a scroll of magic mapping {unknown}
 k - 2 scrolls of remove curse {unknown}
Potions
 f - a potion of agility
 g - a potion of cancellation {unknown}
 i - a potion of flight {unknown}
 l - a potion of ambrosia {unknown}
 n - a potion of curing {unknown}
 p - a potion of magic {unknown}
Books
 c - a book of Maledictions

   Spells                             Type                      Level
   a - Corona                         Hexes                        1
   b - Ensorcelled Hibernation        Hexes/Ice                    2
   c - Confuse                        Hexes                        3
   d - Tukima's Dance                 Hexes                        3
   e - Dazzling Spray                 Conjuration/Hexes            3
Comestibles
 d - 2 bread rations
 m - a royal jelly


   Skills:
 * Level 1.4 Short Blades
 + Level 3.3 Dodging
 + Level 5.5 Stealth
 + Level 3.0 Spellcasting
 + Level 4.2 Hexes


You had 2 spell levels left.
You knew the following spells:

 Your Spells              Type           Power        Failure   Level  Hunger
a - Corona                Hex            ###....      3%          1    #......
b - Ensorcelled Hibernat  Hex/Ice        #.....       14%         2    ##.....
c - Confuse               Hex            ###.....     12%         3    ###....


Dungeon Overview and Level Annotations

Branches:
Dungeon (4/15)
 Temple: D:4-7

Altars:
Xom

Annotations:
D:4 Dowan, Duvessa


Innate Abilities, Weirdness & Mutations

You are tiny and cannot use many weapons and most armour.
You have supernaturally acute eyesight.
You are a herbivore.
You cover ground extremely quickly.
You need consume almost no food.


Message History

Press: ? - help, Shift-Dir - straight line, f - human zombie
Aim: a human zombie (chance to defeat MR: 57%)
The human zombie resists with significant effort.
The goblin zombie barely misses you. The gnoll zombie hits you.
* * * LOW HITPOINT WARNING * * *
Casting: Confuse
Confirm with . or Enter, or press ? or * to list all spells.
You don't have enough magic to cast that spell.
You barely miss the human zombie. The human zombie barely misses you.
The goblin zombie hits you but does no damage.
You hit the human zombie but do no damage.
The gnoll zombie hits you but does no damage.
The human zombie completely misses you.
You hit the gnoll zombie.
The goblin zombie hits you but does no damage.
The gnoll zombie misses you. The human zombie completely misses you.
You hit the gnoll zombie. The goblin zombie misses you.
You hit the gnoll zombie. The gnoll zombie closely misses you.
The human zombie hits you.
You die...

######### #...#...#
#...8...+ #.......#
##8...8############
#.ZZ....#...#...#..
#.@Z8...#...8...'.∩
#...#...#.......#..
######'###8...8###'
..#???#.^^#.......#..
..s?M.#..^'...8...#.∩
..#?.?#...#...#...#..
###################


You could see a goblin zombie, a gnoll zombie and a human zombie.

Vanquished Creatures
  A scorpion zombie (Ossuary)
  A giant gecko (D:2)
  A giant cockroach (D:1)
  4 goblins
  3 hobgoblins
  2 jackals (D:1)
  A quokka (D:2)
  7 bats
  A hobgoblin zombie (Ossuary)
  3 kobolds (D:1)
  A kobold zombie (Ossuary)
  5 rats
30 creatures vanquished.

Vanquished Creatures (others)
  A centaur zombie (Ossuary)
1 creature vanquished.

Grand Total: 31 creatures vanquished

Notes
Turn   | Place    | Note
--------------------------------------------------------------
     0 | D:1      | juanjsm the Spriggan Enchanter began the quest for the Orb.
     0 | D:1      | Reached XP level 1. HP: 9/9 MP: 5/5
   115 | D:1      | Reached XP level 2. HP: 6/13 MP: 6/6
   124 | D:1      | Learned a level 2 spell: Ensorcelled Hibernation
   221 | D:1      | Reached skill level 5 in Stealth
   520 | D:2      | Reached XP level 3. HP: 15/16 MP: 2/8
   525 | D:2      | Learned a level 3 spell: Confuse
   562 | D:3      | Found a shimmering altar of Xom.
   599 | D:4      | Found a sand-covered staircase.
   599 | D:4      | Noticed Duvessa
   599 | D:4      | Noticed Dowan
   605 | Ossuary  | Entered an ossuary
   878 | Ossuary  | Noticed a scorpion
   905 | Ossuary  | Slain by a human zombie

Skill      XL: |  1  2  3 |
---------------+----------+-----
Stealth        | 5 |  5.5
Hexes          | 4 |  4.2
Spellcasting   | 3 |  3.0
Short Blades   | |  1.4
Dodging        | |  3.3

Action                   || total
-------------------------++-------
Melee: Dagger            ||    89
 Cast: Corona            ||     2
       Ensorcelled Hiber ||    12
       Confuse           ||     6
 Stab: Sleeping          ||    15
       Confused          ||     5
Armor: Robe              ||     7
Dodge: Dodged            ||    88
